 Dungeon Sprint DCSS version 0.31-a0-854-g362426d53f (webtiles) character file.

Game seed: 446719305884573000

56 rocky1 the Martial Artist (level 7, -2/58 HPs)
             Began as a Merfolk Shapeshifter on Oct 9, 2023.
             Was an Initiate of Gozag.
             Killed from afar by a deep elf zephyrmancer (32 damage)
             ... with a bolt of lightning
             ... in the Dungeon (Sprint VI: "Thunderdome").
             The game lasted 00:04:51 (356 turns).

rocky1 the Martial Artist (Merfolk Shapeshifter)     Turns: 356, Time: 00:04:52

Health: -2/58      AC:  0    Str: 14    XL:     7   Next: 63%
Magic:  7/7        EV: 16    Int: 11    God:    Gozag
Gold:   16         SH:  0    Dex: 14    Spells: 6/6 levels left

rFire   . .          .
                       - Unarmed
rCold   . . .        (shield currently unavailable)
rNeg    . . .        a - +0 animal skin
rPois   .            (no helmet)
rElec   .            (no cloak)
rCorr   .            (gloves currently unavailable)
SInv    .            (no boots)
Will    .....        (no amulet)
Stlth   +            (no ring)
HPRegen 0.29/turn    (no ring)
MPRegen 0.10/turn

%: no teleportation
@: blade hands
A: reduced hp, (nimble swimmer 2), mertail
a: Begin Untransformation, Renounce Religion, Potion Petition, Call Merchant,
Bribe Branch


You were in the Dungeon.
You worshipped Gozag.
Gozag was noncommittal.
You had blades for hands.
You visited 1 branch You collected 856 gold pieces.
You spent 840 gold pieces at shops.

Inventory:

Missiles
 e - 7 poisoned darts (quivered)
 o - 2 boomerangs
Armour
 a - a +0 animal skin (worn)
 p - a +0 scale mail
Talismans
 c - a beast talisman
 d - a flux talisman
 m - a blade talisman (active)
 q - a granite talisman
Wands
 l - a wand of polymorph (4)
Scrolls
 j - 4 scrolls of blinking
 n - 3 scrolls of fog
Potions
 b - a potion of lignification
 g - 4 potions of haste
 h - 2 potions of magic
 i - a potion of berserk rage
 k - a potion of resistance


   Skills:
 + Level 7.9 Fighting
 + Level 9.8 Dodging
 * Level 11.6 Unarmed Combat
 * Level 9.6 Shapeshifting


You had 6 spell levels left.
You didn't know any spells.
Your spell library was empty.

Dungeon Overview and Level Annotations

Branches:
Dungeon (1/1)

Altars:
Cheibriados
Dithmenos
Fedhas
Gozag
Kikubaaqudgha
Makhleb
Okawaru
Qazlal
Ru
Sif Muna
Trog
Uskayaw
Vehumet
Wu Jian
Xom
Yredelemnul
Zin
The Shining One
Lugonu

Shops:
D *[=??*?*:[((!!!!


Innate Abilities, Weirdness & Mutations

You have blades for hands.
Your maximum health is decreased, since you lack skill for your form.
You are incapable of wielding weapons or throwing items.
((You are very nimble when in or above water. (Stealth+, EV+, Speed+++)))
Your lower body shifts to a powerful aquatic tail in water.


Message History

q - a granite talisman Thank you for shopping at Nufankoff's Timeless Talismans!
Okay, then.
HP restored.
You begin transforming.
You continue transforming. x3
Your transformation has ended.
Your hands turn into razor-sharp scythe blades.
Unknown command.
Okay, then.
You start removing your armour.
You continue taking off your +0 scale mail. x4
You finish taking off your +0 scale mail.
You start putting on your armour.
You continue putting on your +0 animal skin. x5
You finish putting on your +0 animal skin.
Unknown command.
Get ready!
ROUND 3!
FIGHT!
You see here a +0 club.
Things that are here:
a +0 hand axe; a +0 chain mail
Things that are here:
a +0 robe; a +0 short sword A deep elf zephyrmancer comes into view.
It is wielding a +0 long sword.
The deep elf zephyrmancer shouts!
The deep elf zephyrmancer casts a spell at you.
The bolt of lightning hits you!!
The deep elf zephyrmancer mumbles some strange words.
The deep elf zephyrmancer blinks!
No target in view!
You feel much better.
The deep elf zephyrmancer gestures wildly while chanting.
The deep elf zephyrmancer blinks!
The deep elf zephyrmancer points at you and mumbles some strange words.
The bolt of lightning hits you!!
The deep elf zephyrmancer gestures at you while chanting.
The bolt of lightning hits you!!
Ouch! That really hurt!
You die...
Your body crumbles into a pile of gold.

.............###.............#
..........###...###..........⌠
..........# #.<.# #..........⌠
..........###...###...[......⌠
.............###.............#
##∩........8.# #.8........∩###
##∩_........###......___∩##
######)8....(....8.######
#⌠.......@...⌠#
###.....e...### #_......._#
#_......._# #_§.......#
#∩.......∩# ##∩.....∩##
##.....## ##⌠⌠⌠##


You could see a deep elf zephyrmancer.

Vanquished Creatures
  Pikel (D)
  A kobold brigand (D)
  Blork the orc (D)
  Ijyb (D)
  An orc wizard (D)
  4 orcs (D)
  A hobgoblin (D)
  2 kobolds (D)
12 creatures vanquished.

Notes
Turn   | Place    | Note
-------+----------+-------------------------------------------
     0 | D        | rocky1 the Merfolk Shapeshifter began the quest for the
                  | Orb.
     0 | D        | Reached XP level 1. HP: 15/15 MP: 1/1
     3 | D        | Found a shimmering altar of Xom.
     3 | D        | Found a stormy altar of Qazlal.
     4 | D        | Found a glowing golden altar of the Shining One.
     4 | D        | Found a glowing silver altar of Zin.
     5 | D        | Found a shadowy altar of Dithmenos.
     5 | D        | Found a radiant altar of Vehumet.
     5 | D        | Round 1.
     6 | D        | Found a sacrificial altar of Ru.
     6 | D        | Found an iron altar of Okawaru.
     6 | D        | Found Axeaneme's Staff Store.
     6 | D        | Found Ycvyoph's Magic Scroll Shop.
     7 | D        | Found Librick's Must-Have Magic.
     7 | D        | Found Baer Loj's Magic Scroll Shop.
    10 | D        | Found a corrupted altar of Lugonu.
    11 | D        | Found a blossoming altar of Fedhas.
    14 | D        | Found Nufankoff's Timeless Talismans.
    15 | D        | Found Woecae's Jewellery.
    15 | D        | Found Ahalompua's Advanced Armour.
    16 | D        | Found Nadei's Identification Station.
    24 | D        | Found a snail-covered altar of Cheibriados.
    26 | D        | Found an opulent altar of Gozag.
    26 | D        | Noticed a kobold brigand
    28 | D        | Found a burning altar of Makhleb.
    30 | D        | Found Qinteh's Premium Goods.
    36 | D        | Killed a kobold brigand
    37 | D        | Reached skill level 5 in Dodging
    37 | D        | Reached skill level 6 in Unarmed Combat
    37 | D        | Reached skill level 5 in Shapeshifting
    37 | D        | Reached XP level 2. HP: 8/25 MP: 2/2
    37 | D        | Reached XP level 3. HP: 10/30 MP: 3/3
    37 | D        | Reached XP level 4. HP: 12/37 MP: 4/4
    38 | D        | Found Muppoch's Miscellaneous Merchandise.
    38 | D        | Found Ulont's Basic Armour.
    48 | D        | Found a basalt altar of Yredelemnul.
    48 | D        | Found an ancient bone altar of Kikubaaqudgha.
    48 | D        | Found Affum's Weapon Rack.
    59 | D        | Became a worshipper of Gozag Ym Sagoz the Greedy
    64 | D        | Found an ornate altar of the Wu Jian Council.
    65 | D        | Found a hide-covered altar of Uskayaw.
    66 | D        | Found a bloodstained altar of Trog.
    68 | D        | Found Xuzid's Do-It-Yourself Clinic.
    69 | D        | Found Luatag's Bottled Wisdom.
    69 | D        | Found Voekemp's Distillery.
    70 | D        | Found a shimmering blue altar of Sif Muna.
    70 | D        | Found Voutz's Distillery.
    70 | D        | Noticed Pikel
    82 | D        | HP: 1/37 [Pikel/+2 whip of freezing (2)]
    83 | D        | Killed Pikel
    84 | D        | Reached skill level 11 in Unarmed Combat
    84 | D        | Reached XP level 5. HP: 2/48 MP: 5/5
    84 | D        | Reached XP level 6. HP: 2/55 MP: 6/6
    84 | D        | Reached XP level 7. HP: 2/60 MP: 7/7
    93 | D        | Noticed Ijyb
   104 | D        | Killed Ijyb
   131 | D        | Arena points: 14 (+14) [x2]
   148 | D        | Round 2.
   156 | D        | Noticed Blork the orc
   161 | D        | Killed Blork the orc
   187 | D        | Bought a blade talisman for 280 gold pieces
   273 | D        | Arena points: 56 (+42) [x3]
   308 | D        | Bought a granite talisman for 560 gold pieces
   333 | D        | Round 3.
   349 | D        | Noticed a deep elf zephyrmancer
   356 | D        | Killed from afar by a deep elf zephyrmancer

Illustrated notes

Levels and vault maps discovered:
D:        arena_sprint

Skill      XL: |  1  2  3  4 |
---------------+-------------+-----
Fighting       | 3 7 |  7.9
Dodging        | 5 9 |  9.8
Unarmed Combat | 6 11 | 11.6
Shapeshifting  | 5 9 |  9.6

Action                     |  1- 3 |  4- 6 |  7- 9 || total
---------------------------+-------+-------+-------++-------
  Melee: Unarmed           |     3 |     5 |    22 ||    30
         Punch             |       |       |     1 ||     1
  Throw: Dart              |       |       |     4 ||     4
  Evoke: Wand              |     2 |     6 |     2 ||    10
    Use: Potion            |     1 |     1 |     3 ||     5
 Armour: Animal skin       |     4 |     4 |    10 ||    18
  Dodge: Dodged            |     2 |     4 |    10 ||    16
   Form: Blade             |       |       |     1 ||     1

Table legend: (Time is in decaauts)
 A = Elapsed time spent in this place.
 B = Non-inter-level travel time spent in this place.
 C = Inter-level travel time spent in this place.
 D = Time resting spent in this place.
 E = Time spent auto-exploring this place.
 F = Levels seen in this place.
 G = Mean time per level.
                   A        B        C        D        E       F      G
               +--------+--------+--------+--------+--------+-----+--------+
         Total |    350 |    350 |      0 |      0 |      0 |   1 |  350.0 |
       Dungeon |    350 |    350 |      0 |      0 |      0 |   1 |  350.0 |
               +--------+--------+--------+--------+--------+-----+--------+

Top non-repeatable levels by time:
       D: 350 daAuts
